 Dungeon Crawl Stone Soup version 0.21.0-3-g78d12a8 (webtiles) character file.

47 inmateoo the Insei (level 3, 0/24 HPs)
             Began as a Barachi Venom Mage on Jan 8, 2018.
             Slain by an adder (1 damage)
             ... on level 1 of the Dungeon.
             The game lasted 00:03:13 (1364 turns).

inmateoo the Insei (Barachi Venom Mage)             Turns: 1364, Time: 00:03:13

Health: 0/24       AC:  3    Str:  9    XL:     3   Next: 70%
Magic:  1/6        EV: 17    Int: 15    God:
Gold:   58         SH:  0    Dex: 18    Spells: 3/6 levels left

rFire    . . .     SeeInvis .   d - +0 dagger
rCold    . . .     Gourm    .   (no shield)
rNeg     . . .     Faith    .   i - +0 leather armour
rPois    .         Spirit   .   (no helmet)
rElec    .         Reflect  .   (no cloak)
rCorr    .         Harm     .   (no gloves)
MR       .....                  (no boots)
Stlth    +++.......             (no amulet)
HPRegen  0.08/turn              f - ring of wizardry
MPRegen  0.10/turn              (no ring)

@: agile, lethally poisoned (0 -> -5), can't hop, slow
A: +LOS, swims, slowness 1, strong legs 1
a: Hop


You were on level 1 of the Dungeon.
You were very hungry.

You visited 1 branch of the dungeon, and saw 2 of its levels.

You collected 58 gold pieces.

Inventory:

Hand Weapons
 d - a +0 dagger (weapon)
Missiles
 m - 3 javelins (quivered)
Armour
 h - a +0 scale mail
 i - a +0 leather armour (worn)
Jewellery
 f - a ring of wizardry (left hand)
Scrolls
 a - a scroll of amnesia {unknown}
 e - 3 scrolls of identify {unknown}
 j - a scroll of magic mapping {unknown}
 l - a scroll of remove curse {unknown}
Books
 b - a Young Poisoner's Handbook

   Spells                             Type                      Level
   a - Sting                          Conjuration/Poison           1
   b - Poisonous Vapours              Poison/Air                   2
   c - Mephitic Cloud                 Conjuration/Poison/Air       3
   d - Olgreb's Toxic Radiance        Poison                       4
   e - Venom Bolt                     Conjuration/Poison           5
Comestibles
 c - 3 rations


   Skills:
 - Level 2.1 Dodging
 - Level 1.7 Stealth
 + Level 3.5 Unarmed Combat
 - Level 2.1 Spellcasting
 - Level 1.1 Conjurations
 - Level 3.2 Poison Magic


You had 3 spell levels left.
You knew the following spells:

 Your Spells              Type           Power        Failure   Level  Hunger
a - Sting                 Conj/Pois      #...         4%          1    #......
b - Poisonous Vapours     Pois/Air       #.....       10%         2    ###....


Dungeon Overview and Level Annotations

Branches:
Dungeon (2/15)

Altars:


Innate Abilities, Weirdness & Mutations

Shadows flee at your approach. (+LOS)
You can swim through water.
You cover ground slowly.
You can hop short distances.


Message History

You throw a javelin. The javelin closely misses the adder.
The adder bites you.
* * * LOW HITPOINT WARNING * * *
Unknown command.
Unknown command.
Throwing (i - inventory):
m - 4 javelins (quivered)
Press: ? - help, Shift-Dir - straight line, f/p - adder
Aim: an adder (almost dead)
You throw a javelin. The javelin misses the adder.
The adder bites you.
* * * LOW HITPOINT WARNING * * *
The adder bites you.
* * * LOW HITPOINT WARNING * * *
You are lethally poisoned!
The adder poisons you!
Unknown command.
Unknown command.
It was a potion of agility.
You feel agile all of a sudden.
* * * LOW HITPOINT WARNING * * *
You feel sick. The adder bites you.
You die...

### #.########## ..# #######
########>##.......## ..# #.....#
#...).....'.........
..###.....####........##.......##
...........##.........##[......#
..###......##......#####.......#
#####......##...........(......#
....................>..........#
#####......##...@S......(......#
##...#####.....#..............##
####.#######...#####'##'#.....#
##8#......#8...8####)##.#.....#
.......##.##...##.....#+#+#'###
.......##.##...##............####
.......##.##...##...............†
##8#...##.#8...⌠#............####
####......##...##............####


You could see an adder.

Vanquished Creatures
  A gnoll (D:1)
  A dart slug (D:1)
  2 leopard geckos (D:1)
  A ball python (D:1)
  2 giant cockroaches (D:1)
  3 goblins
  3 hobgoblins
  2 jackals (D:1)
  6 bats
  2 frilled lizards (D:1)
  4 kobolds
  8 rats
35 creatures vanquished.

Notes
Turn   | Place    | Note
-------+----------+-------------------------------------------
     0 | D:1      | inmateoo the Barachi Venom Mage began the quest for the Orb.
     0 | D:1      | Reached XP level 1. HP: 13/13 MP: 3/3
   119 | D:1      | Reached skill level 1 in Unarmed Combat
   155 | D:1      | Reached XP level 2. HP: 10/19 MP: 0/5
   521 | D:1      | Learned a level 2 spell: Poisonous Vapours
   810 | D:1      | Reached XP level 3. HP: 22/24 MP: 6/6
  1299 | D:2      | Found a faded altar of an unknown god.
  1364 | D:1      | HP: 1/24 [poisoned by an adder]
  1364 | D:1      | Slain by an adder

Skill      XL: |  1  2  3 |
---------------+----------+-----
Unarmed Combat | 1 2 3 |  3.5
Dodging        | |  2.1
Stealth        | |  1.7
Spellcasting   | |  2.1
Conjurations   | |  1.1
Poison Magic   | |  3.2

Action                   || total
-------------------------++-------
Melee: Unarmed           ||    13
       Dagger            ||    95
       Punch             ||     2
Throw: Javelin           ||     3
 Cast: Sting             ||    40
       Poisonous Vapours ||     5
 Abil: Hop               ||     3
  Use: Potion            ||     2
  Eat: Chunk             ||     2
Armor: Robe              ||     9
       Leather armour    ||    37
Dodge: Dodged            ||   136
